 Dungeon Crawl Stone Soup version 0.17-a0-1651-gae1a69f (webtiles) character file.

4615 kae the Destroyer (level 10, -9/63 HPs)
             Began as a Demonspawn Ice Elementalist on Aug 14, 2015.
             Was a Priest of Vehumet.
             Mangled by a black mamba (17 damage)
             ... on level 9 of the Dungeon.
             The game lasted 00:27:03 (14223 turns).

kae the Destroyer (Demonspawn Ice Elementalist)    Turns: 14223, Time: 00:27:03

Health: -9/63      AC:  8    Str: 15    XL:     10   Next: 19%
Magic:  9/19       EV: 17    Int: 19    God:    Vehumet [***...]
Gold:   451        SH:  0    Dex: 18    Spells: 6 memorised, 5 levels left

rFire  + . .     SeeInvis .     a - +1 spear
rCold  . . .     Clarity  .     x - +1 robe {MR+}
rNeg   + . .     SustAt   .     (no shield)
rPois  +         Gourm    .     (helmet restricted)
rElec  +         Spirit   .     m - +0 cloak
rCorr  .         Warding  +     (no gloves)
rMut   .         Stasis   .     (no boots)
MR     ++...                    s - amulet of warding
Stlth  +++.......               t - ring of Keughuev {+Fly MR+}
                                A - ring of poison resistance

@: mighty, agile, very resistant to hostile enchantments, fairly stealthy
A: antennae 1, thin metallic scales 3, fire resistance 1, powered by pain 2
a: Renounce Religion, Evoke Flight


You were on level 9 of the Dungeon.
You worshipped Vehumet.
Vehumet was most pleased with you.
You were not hungry.

You visited 2 branches of the dungeon, and saw 10 of its levels.

You collected 505 gold pieces.
You spent 54 gold pieces at shops.

Inventory:

Hand weapons
 a - a +1 spear (weapon)
 d - a +0 trident
Missiles
 b - 29 stones (quivered)
Armour
 h - a +0 robe
 m - a +0 cloak (worn)
 x - a +1 robe of magic resistance (worn)
Jewellery
 q - an uncursed ring of flight
 s - an amulet of warding (around neck)
 t - the ring of Keughuev (right hand) {+Fly MR+}
   (You found it on level 5 of the Dungeon)

   [ring of flight]

   It affects your resistance to hostile enchantments.
   It lets you fly.
 y - an uncursed ring of see invisible
 A - a ring of poison resistance (left hand)
 C - an uncursed ring of wizardry
 I - an uncursed amulet of guardian spirit {unknown}
 L - an uncursed ring of magical power {unknown}
Scrolls
 i - 5 scrolls of remove curse
 l - 2 scrolls of amnesia
 n - 4 scrolls of recharging
 w - 2 scrolls of teleportation
 B - 2 scrolls of fog
 G - a scroll of immolation
 M - a scroll of fear
Potions
 e - 4 potions of flight
 g - 4 potions of lignification
 o - a potion of brilliance
 p - 2 potions of ambrosia
 r - 2 potions of resistance
 u - a potion of cure mutation {unknown}
 v - a potion of degeneration
 D - a potion of invisibility
 H - a potion of mutation
 K - a potion of poison
Books
 F - a book of Frost

   Spells                             Type                      Level
   a - Freeze                         Ice                          1
   b - Throw Frost                    Conjuration/Ice              2
   c - Ozocubu's Armour               Charms/Ice                   3
   d - Throw Icicle                   Conjuration/Ice              4
   e - Summon Ice Beast               Ice/Summoning                4
   f - Condensation Shield            Ice                          4
Comestibles
 c - 2 bread rations
 f - 4 beef jerkies
 j - 4 meat rations
 k - 19 fruits
 z - a slice of pizza
 J - a royal jelly


   Skills:
 - Level 1.7 Dodging
 - Level 1.7 Stealth
 + Level 6.2 Spellcasting
 * Level 9.8 Conjurations
 * Level 9.0 Ice Magic


You had 5 spell levels left.
You knew the following spells:

 Your Spells              Type           Power        Failure   Level  Hunger
a - Freeze                Ice            ####         1%          1    None
b - Throw Frost           Conj/Ice       #####.       1%          2    None
c - Throw Icicle          Conj/Ice       #####...     1%          4    ####...
d - Condensation Shield   Ice            #####.....   2%          4    ####...
e - Summon Ice Beast      Ice/Summ       ###.....     17%         4    ####...
f - Sandblast             Erth           #.....       3%          1    None


Dungeon Overview and Level Annotations

Branches:
Dungeon (9/15)             Temple (1/1) D:4            Lair (0/8) D:9
    Orc: D:9-12

Altars:
Ashenzari
Cheibriados
Dithmenos
Elyvilon
Fedhas
Kikubaaqudgha
Makhleb
Okawaru
Ru
Sif Muna
Vehumet
Zin
The Shining One

Shops:
D:4 [   D:5 [   D:8 *

Annotations:
D:2 Crazy Yiuf
D:8 asdu's ghost, experienced HuBe


Innate Abilities, Weirdness & Mutations

You have a pair of small antennae on your head.
You are completely covered in thin metallic scales (AC +4, rElec).
Your flesh is heat resistant.
You sometimes gain power by taking damage.


Message History

The deep elf mage is heavily wounded.
The deep elf mage barely misses you.
Casting: Freeze
Confirm with . or Enter, or press ? or * to list all spells.
Aiming: Freeze
Press: ? - help, Shift-Dir - straight line, f/p - deep elf mage
Aim: a deep elf mage, wielding a short sword and wearing a leather armour (heavily wounded)
You freeze the deep elf mage.
The deep elf mage is severely wounded.
The black mamba bites you!
* * * LOW HITPOINT WARNING * * *
The deep elf mage completely misses you.
The black mamba barely misses you.
Unknown command.
Drink which item? (? for menu, Esc to quit)
You feel better.
The deep elf mage hits you with a short sword.
* * * LOW HITPOINT WARNING * * *
The black mamba bites you!
You die...

#.# ...# S. #...# ######
###.###...# #..... S#
###....##...# #..... ...
............# #.....
.......O.......# #.....
(............# #.....
.####'####..#...####....)
.....*.e@).........'.....
#......S##..#...####.....
.............<..# #.....
.)........##.#### #.....
..........##.## #.....
..........##..# #.....
############### #.....
#####..≈.. #.........


You could see a black mamba and a deep elf mage.

Vanquished Creatures
  Prince Ribbit (D:7)
  2 trolls
  A two-headed ogre (D:9)
  A deep elf mage (D:9)
  A hippogriff (D:8)
  Menkaure (D:7)
  A water moccasin (D:9)
  3 orc warriors (D:9)
  A black bear (D:9)
  5 ogres
  A crocodile (D:9)
  3 giant frogs
  A big kobold (D:9)
  A water moccasin skeleton (D:4)
  2 vampire bats (D:6)
  2 scorpions
  4 electric eels
  2 crimson imps
  5 orc priests
  A jelly (D:5)
  A gnoll shaman (D:9)
  2 giant frog skeletons (D:7)
  9 hounds
  A centaur skeleton (D:5)
  14 orc wizards
  6 worker ants
  4 iguanas
  2 hound zombies
  A worker ant zombie (D:8)
  Robin (D:3)
  10 gnolls
  21 adders
  A shadow imp (D:6)
  An adder zombie (D:8)
  An adder skeleton (D:4)
  2 worms (D:2)
  4 giant geckos
  36 orcs
  6 ball pythons
  2 bat skeletons (D:6)
  4 bat zombies (D:6)
  8 giant cockroaches
  20 goblins
  5 hobgoblins
  19 jackals
  6 quokkas
  9 bats
  3 giant newts
  17 kobolds
  A kobold zombie (D:7)
  An orc zombie (D:7)
  8 rats
265 creatures vanquished.

Vanquished Creatures (collateral kills)
  A hungry ghost (D:7)
  A mummy (D:7)
2 creatures vanquished.

Grand Total: 267 creatures vanquished

Notes
Turn   | Place    | Note
--------------------------------------------------------------
     0 | D:1      | kae the Demonspawn Ice Elementalist began the quest for the Orb.
     0 | D:1      | Reached XP level 1. HP: 13/13 MP: 3/3
   167 | D:1      | Reached skill level 3 in Ice Magic
   214 | D:1      | Gained mutation: You are partially covered in thin metallic scales (AC +2). [demonic ancestry]
   214 | D:1      | Reached XP level 2. HP: 10/19 MP: 3/5
   218 | D:1      | Learned a level 2 spell: Throw Frost
   648 | D:1      | Gained mutation: You are mostly covered in thin metallic scales (AC +3). [demonic ancestry]
   648 | D:1      | Reached XP level 3. HP: 24/24 MP: 3/6
   945 | D:2      | Noticed Crazy Yiuf
  1074 | D:2      | Reached XP level 4. HP: 10/30 MP: 4/7
  2108 | D:3      | Found a deep blue altar of Sif Muna.
  2130 | D:3      | Reached skill level 4 in Ice Magic
  2130 | D:3      | Gained mutation: Your flesh is heat resistant. [demonic ancestry]
  2130 | D:3      | Reached XP level 5. HP: 24/35 MP: 0/9
  3075 | D:3      | Gained mutation: You have a pair of small antennae on your head. [demonic ancestry]
  3075 | D:3      | Reached XP level 6. HP: 41/41 MP: 3/10
  3345 | D:3      | Noticed Robin
  3356 | D:3      | Killed Robin
  3850 | D:4      | Found Zuinoserph's Armour Emporium.
  4077 | D:4      | Found a burning altar of Makhleb.
  4082 | D:4      | Found a glowing silver altar of Zin.
  4082 | D:4      | Noticed an angel
  4083 | D:4      | Noticed a cacodemon
  4439 | D:4      | Found a staircase to the Ecumenical Temple.
  4450 | D:4      | Reached skill level 5 in Ice Magic
  4450 | D:4      | Reached XP level 7. HP: 46/46 MP: 8/12
  4463 | Temple   | Entered the Ecumenical Temple
  4494 | Temple   | Became a worshipper of Vehumet
  4984 | D:5      | Entered Level 5 of the Dungeon
  5070 | D:5      | Reached skill level 5 in Conjurations
  5223 | D:5      | Learned a level 4 spell: Throw Icicle
  5464 | D:5      | Got a faintly glowing lead ring
  5468 | D:5      | Found a snail-covered altar of Cheibriados.
  5544 | D:5      | Identified the ring of Keughuev {+Fly MR+} (You found it on level 5 of the Dungeon)
  5592 | D:5      | Found a shadowy altar of Dithmenos.
  5625 | D:5      | Found Soschic's Antique Armour Shop.
  6718 | D:6      | Reached skill level 6 in Conjurations
  6947 | D:6      | Gained mutation: You sometimes gain a little power by taking damage. [demonic ancestry]
  6947 | D:6      | Reached XP level 8. HP: 44/52 MP: 9/14
  7070 | D:6      | Acquired Vehumet's first power
  7070 | D:6      | Offered knowledge of Sandblast by Vehumet.
  7300 | D:6      | Found an ancient bone altar of Kikubaaqudgha.
  7498 | D:6      | Found an iron altar of Okawaru.
  7498 | D:6      | Found a shattered altar of Ashenzari.
  8046 | D:7      | Learned a level 4 spell: Condensation Shield
  8051 | D:7      | Learned a level 4 spell: Summon Ice Beast
  8104 | D:7      | Reached skill level 7 in Conjurations
  8249 | D:7      | Noticed Prince Ribbit
  8530 | D:7      | Noticed Menkaure
  8784 | D:7      | Learned a level 1 spell: Sandblast
  8913 | D:7      | Killed Prince Ribbit
  8913 | D:7      | Reached skill level 5 in Spellcasting
  9677 | D:7      | Noticed a troll
  9956 | D:7      | Gained mutation: You sometimes gain power by taking damage. [demonic ancestry]
  9956 | D:7      | Reached XP level 9. HP: 43/57 MP: 12/16
 10029 | D:7      | Killed Menkaure
 10036 | D:7      | Killed a troll
 10353 | D:8      | Offered knowledge of Sting by Vehumet.
 10353 | D:8      | Reached skill level 8 in Conjurations
 10616 | D:8      | Found a white marble altar of Elyvilon.
 10623 | D:8      | Noticed asdu's ghost (experienced HuBe)
 10883 | D:8      | Found Ylyntum's Assorted Antiques.
 11228 | D:8      | Bought a scroll of identify for 54 gold pieces
 11515 | D:8      | Found a glowing golden altar of the Shining One.
 12355 | D:9      | Found a blossoming altar of Fedhas.
 12847 | D:9      | HP: 2/57 [troll (12)]
 12856 | D:9      | Reached skill level 9 in Conjurations
 13245 | D:9      | Offered knowledge of Conjure Flame by Vehumet.
 13534 | D:9      | Gained mutation: You are completely covered in thin metallic scales (AC +4, rElec). [demonic ancestry]
 13534 | D:9      | Reached XP level 10. HP: 46/63 MP: 8/19
 13899 | D:9      | Found a staircase to the Lair.
 13926 | D:9      | Acquired Vehumet's second power
 14204 | D:9      | Noticed a black mamba
 14223 | D:9      | Mangled by a black mamba

Vault maps used:
D:1:      lightli_arrival_noodles
D:2:      uniq_crazy_yiuf_cottage
D:3:      old_standard_altar, dk_vineyard_2, minmay_shallow_snake_nest,
          uniq_robin
D:4:      grunt_temple_overflow_order_and_chaos_2, minmay_temple_entry_hall,
          first_bread, serial_shops, shop
D:5:      cheibriados_altar_1, nicolae_dithmenos_through_a_glass_darkly,
          serial_shops, kennysheep_little_box
D:6:      kennysheep_vampire_church, gammafunk_temple_overflow_pools,
          fountainhead
D:7:      nicolae_ossuary_entry_giza, uniq_menkaure, uniq_prince_ribbit1
D:8:      elyvilon_altar_5, nicolae_tso_swordbearing_angel, serial_shops,
          shop_coins, serial_bayou, serial_bayou_pond_e, serial_bayou_shore_b,
          serial_bayou_crossing, serial_bayou_lagoon_a
D:9:      nicolae_overflow_crystal_walls, erik_lair_island, david_orc_5
Temple:   minmay_temple_curvy_8

Action                   |  1- 3 |  4- 6 |  7- 9 | 10-12 || total
-------------------------+-------+-------+-------+-------++-------
Melee: Spear             |    23 |   150 |   291 |     5 ||   469
 Cast: Freeze            |    51 |   113 |   195 |    48 ||   407
       Throw Frost       |       |    18 |    66 |    11 ||    95
       Condensation Shie |       |       |    10 |       ||    10
       Summon Ice Beast  |       |       |     7 |     1 ||     8
       Sandblast         |       |       |    12 |       ||    12
       Throw Icicle      |       |       |     4 |     3 ||     7
  Use: Scroll            |       |     8 |    16 |       ||    24
       Potion            |       |       |     3 |     2 ||     5
 Stab: Sleeping          |     4 |     5 |     7 |       ||    16
       Distracted        |       |     1 |     2 |       ||     3
  Eat: Chunk             |       |    12 |    20 |     4 ||    36
       Fruit             |       |       |    10 |       ||    10
       Bread ration      |       |       |     1 |       ||     1
